 Dungeon Crawl Stone Soup version 0.28-a0-925-gd5e1996cdb (webtiles) character file.

Game seed: 3918662892764927300

233 Ijustatesigmund the Charlatan (level 6, -8/47 HPs)
             Began as a Gnoll Artificer on Nov 26, 2021.
             Mangled by an ogre (14 damage)
             ... on level 4 of the Dungeon.
             The game lasted 00:07:02 (4932 turns).

Ijustatesigmund the Charlatan (Gnoll Artificer)     Turns: 4932, Time: 00:07:03

Health: -8/47      AC:  8    Str: 11    XL:     6   Next: 4%
Magic:  8/8        EV:  8    Int: 13    God:
Gold:   150        SH:  7    Dex: 12    Spells: 8/8 levels left

rFire   . . .      SeeInvis .   a - +1 hand axe (flame)
rCold   . . .      Faith    .   m - +0 kite shield
rNeg    . . .      Spirit   .   b - +0 ring mail
rPois   .          Reflect  .   f - +0 helmet
rElec   .          Harm     .   q - +0 cloak
rCorr   .          Rampage  .   (no gloves)
Will    .....                   (no boots)
Stlth   +.........              (no amulet)
HPRegen 0.15/turn               (no ring)
MPRegen 0.11/turn               (no ring)

@: no status effects
A: fangs 1, strong nose, distributed training
a: no special abilities


You were on level 4 of the Dungeon.
You visited 1 branch of the dungeon, and saw 4 of its levels.

You collected 150 gold pieces.

Inventory:

Hand Weapons
 a - a +1 hand axe of flaming (weapon)
Missiles
 l - 4 boomerangs (quivered)
Armour
 b - a +0 ring mail (worn)
 f - a +0 helmet (worn)
 m - a +0 kite shield (worn)
 q - a +0 cloak (worn)
Jewellery
 h - a ring of poison resistance
Wands
 d - a wand of charming (11)
Potions
 g - a potion of attraction
 j - a potion of ambrosia {unknown}
 k - a potion of lignification
 p - a potion of brilliance
 r - a potion of magic {unknown}
Miscellaneous
 e - a piece from Xom's chessboard (15/15)


   Skills:
 + Level 3.1 Fighting
 + Level 1.7 Short Blades
 + Level 1.7 Long Blades
 + Level 1.7 Axes
 + Level 1.7 Maces & Flails
 + Level 1.7 Polearms
 + Level 1.7 Staves
 + Level 1.7 Slings
 + Level 1.7 Bows
 + Level 1.7 Crossbows
 + Level 1.7 Throwing
 + Level 4.9 Armour
 + Level 3.1 Dodging
 + Level 2.9 Stealth
 + Level 1.7 Shields
 + Level 1.7 Unarmed Combat
 + Level 1.7 Spellcasting
 + Level 1.3 Conjurations
 + Level 1.3 Hexes
 + Level 1.3 Summonings
 + Level 1.3 Necromancy
 + Level 1.3 Translocations
 + Level 1.3 Transmutations
 + Level 1.3 Fire Magic
 + Level 1.3 Ice Magic
 + Level 1.3 Air Magic
 + Level 1.3 Earth Magic
 + Level 1.3 Poison Magic
 + Level 2.0 Invocations
 + Level 6.7 Evocations


You had 8 spell levels left.
You didn't know any spells.
Your spell library contained the following spells:

 Spells                   Type           Power      Damage    Failure   Level
 Dazzling Flash           Conj/Hex       8%         N/A       99%         3
 Agony                    Necr           4%         N/A       100%        5
 Silence                  Hex/Air        2%         N/A       100%        5


Dungeon Overview and Level Annotations

Branches:
Dungeon (4/15)
 Temple: D:4-7

Altars:
Dithmenos


Innate Abilities, Weirdness & Mutations

You have very sharp teeth.
Your uncanny sense of smell can sniff out nearby items.
Your experience applies equally to all skills.


Message History

You hear the quick rusting of a very distant drain.
You now have 150 gold pieces (gained 4).
A hobgoblin comes into view.
The hobgoblin shouts!
An ogre comes into view. It is wielding a +0 giant spiked club.
The ogre shouts!
The hobgoblin hits you but does no damage.
You block the ogre's attack.
You hit the ogre. You burn the ogre.
The ogre is lightly wounded.
You closely miss the hobgoblin.
The hobgoblin hits you but does no damage.
The ogre closely misses you.
The hobgoblin hits you but does no damage.
You hit the ogre. You burn the ogre. Your bite misses the ogre.
The ogre is moderately wounded.
You hit the hobgoblin. You burn the hobgoblin.
You kill the hobgoblin!
You block the ogre's attack.
You hit the ogre. You burn the ogre.
The ogre is moderately wounded.
The ogre barely misses you.
You barely miss the ogre.
The ogre is moderately wounded.
The ogre closely misses you.
You hit the ogre. You burn the ogre.
The ogre is heavily wounded.
You block the ogre's attack.
The ogre hits you with a +0 giant spiked club!
You hit the ogre. You burn the ogre.
The ogre is almost dead.
The ogre hits you with a +0 giant spiked club!!
Ouch! That really hurt!
* * * LOW HITPOINT WARNING * * *
An ogre is nearby!
You are too injured to fight recklessly!
You completely miss the ogre.
The ogre is almost dead.
The ogre hits you with a +0 giant spiked club!
You die...

..#### ###..##
.....#####..#..# ∆
.###....#..##..## ##
####...####..## .# ##..#
##..## .# #..# #...## #
.## #..# #....##..#
..####.......###........
....#...........@.......
...............O...#####
...................#
..................##
........ .........#
..................# #...
# )..............#..#
#.>. .
)...............#..
####...###.
)...............#
#..........


You could see an ogre.

Vanquished Creatures
  An iguana (D:3)
  2 orc wizards (D:4)
  Robin (D:4)
  4 adders
  An adder skeleton (D:4)
  4 worms
  3 dart slugs
  7 orcs
  7 endoplasms
  4 giant cockroaches
  11 goblins
  5 hobgoblins
  2 jackals (D:2)
  A quokka (D:1)
  5 ball pythons
  3 bats
  3 frilled lizards
  8 kobolds
  6 rats
78 creatures vanquished.

Vanquished Creatures (others)
  An adder (D:2)
  A goblin (D:2)
2 creatures vanquished.

Grand Total: 80 creatures vanquished

Notes
Turn   | Place    | Note
-------+----------+-------------------------------------------
     0 | D:1      | Ijustatesigmund the Gnoll Artificer began the quest for the
                  | Orb.
     0 | D:1      | Reached XP level 1. HP: 17/17 MP: 1/1
   372 | D:1      | Reached XP level 2. HP: 18/23 MP: 2/2
  1393 | D:2      | Reached XP level 3. HP: 28/28 MP: 3/3
  1682 | D:2      | Reached skill level 1 in Invocations
  1991 | D:2      | Reached skill level 1 in Short Blades
  1991 | D:2      | Reached skill level 1 in Long Blades
  1991 | D:2      | Reached skill level 1 in Axes
  1991 | D:2      | Reached skill level 1 in Maces & Flails
  1991 | D:2      | Reached skill level 1 in Polearms
  1991 | D:2      | Reached skill level 1 in Staves
  1991 | D:2      | Reached skill level 1 in Slings
  1991 | D:2      | Reached skill level 1 in Bows
  1991 | D:2      | Reached skill level 1 in Crossbows
  1991 | D:2      | Reached skill level 1 in Throwing
  1991 | D:2      | Reached skill level 1 in Shields
  1991 | D:2      | Reached skill level 1 in Unarmed Combat
  1991 | D:2      | Reached skill level 1 in Spellcasting
  2386 | D:2      | Reached XP level 4. HP: 33/34 MP: 5/5
  2687 | D:2      | Found a shadowy altar of Dithmenos.
  3059 | D:3      | Found a faded altar of an unknown god.
  3648 | D:3      | Reached skill level 1 in Conjurations
  3648 | D:3      | Reached skill level 1 in Hexes
  3648 | D:3      | Reached skill level 1 in Summonings
  3648 | D:3      | Reached skill level 1 in Necromancy
  3648 | D:3      | Reached skill level 1 in Translocations
  3648 | D:3      | Reached skill level 1 in Transmutations
  3648 | D:3      | Reached skill level 1 in Fire Magic
  3648 | D:3      | Reached skill level 1 in Ice Magic
  3648 | D:3      | Reached skill level 1 in Air Magic
  3648 | D:3      | Reached skill level 1 in Earth Magic
  3648 | D:3      | Reached skill level 1 in Poison Magic
  4038 | D:3      | Reached XP level 5. HP: 25/40 MP: 5/7
  4677 | D:4      | Noticed Robin
  4699 | D:4      | Killed Robin
  4700 | D:4      | Reached XP level 6. HP: 33/47 MP: 8/8
  4932 | D:4      | Mangled by an ogre

Illustrated notes

Levels and vault maps discovered:
D:1:      pf_arrival_petrified_forest, layout_basic, grunt_decor_junction
D:2:      layout_basic, basic_altar, hex_tiny, minmay_tromino_i4
D:3:      layout_basic, hellmonk_ecumenical_altar_slurped_away
D:4:      layout_layer_cave, portal_sewer_entry_a,
          nicolae_elevator_lobby_asterisk, uniq_robin, uniq_pikel

Skill      XL: |  1  2  3  4  5 |
---------------+----------------+-----
Invocations    | 1 2 |  2.0
Short Blades   | 1 |  1.7
Long Blades    | 1 |  1.7
Axes           | 1 |  1.7
Maces & Flails | 1 |  1.7
Polearms       | 1 |  1.7
Staves         | 1 |  1.7
Slings         | 1 |  1.7
Bows           | 1 |  1.7
Crossbows      | 1 |  1.7
Throwing       | 1 |  1.7
Shields        | 1 |  1.7
Unarmed Combat | 1 |  1.7
Spellcasting   | 1 |  1.7
Conjurations   | 1 |  1.3
Hexes          | 1 |  1.3
Summonings     | 1 |  1.3
Necromancy     | 1 |  1.3
Translocations | 1 |  1.3
Transmutations | 1 |  1.3
Fire Magic     | 1 |  1.3
Ice Magic      | 1 |  1.3
Air Magic      | 1 |  1.3
Earth Magic    | 1 |  1.3
Poison Magic   | 1 |  1.3
Fighting       | 3 |  3.1
Dodging        | 3 |  3.1
Armour         | |  4.9
Stealth        | |  2.9
Evocations     | |  6.7

Action                   |  1- 3 |  4- 6 || total
-------------------------+-------+-------++-------
Melee: Club              |     4 |       ||     4
       Hand axe          |    74 |   136 ||   210
       Bite              |     5 |     9 ||    14
Throw: Boomerang         |       |     2 ||     2
Evoke: Wand              |     8 |    11 ||    19
  Use: Scroll            |       |     8 ||     8
       Potion            |       |     2 ||     2
 Stab: Sleeping          |     2 |     2 ||     4
Armor: Leather armour    |     5 |       ||     5
       Ring mail         |    28 |    44 ||    72
       Skin              |       |    49 ||    49
Dodge: Dodged            |    34 |    55 ||    89
Block: Kite shield       |    10 |    72 ||    82

Table legend: (Time is in decaauts)
 A = Elapsed time spent in this place.
 B = Non-inter-level travel time spent in this place.
 C = Inter-level travel time spent in this place.
 D = Time resting spent in this place.
 E = Time spent auto-exploring this place.
 F = Levels seen in this place.
 G = Mean time per level.
                   A        B        C        D        E       F      G
               +--------+--------+--------+--------+--------+-----+--------+
         Total |   5030 |   4975 |     55 |   1569 |   2699 |   4 | 1257.5 |
       Dungeon |   5030 |   4975 |     55 |   1569 |   2699 |   4 | 1257.5 |
               +--------+--------+--------+--------+--------+-----+--------+

Top non-repeatable levels by time:
     D:2: 1518 daAuts
     D:1: 1509 daAuts
     D:3: 1501 daAuts
     D:4: 501 daAuts
